[Event "Titled Tuesday Blitz March 22 Early 2022"]
[White "Hnydiuk, Aleksander"]
[Black "Rodrigue-Lemieux, Shawn"]
[WhiteFideId "1109057"]
[BlackFideId "2620049"]
[WhiteElo "2374"]
[BlackElo "1763"]
[Result "0-1"]
[Round "02"]
[TimeControl "180+1"]
[Date "2022.03.22"]
[WhiteClock "0:00:02"]
[BlackClock "0:01:16"]

1. Nf3 d5 2. d4 Nf6 3. c4 e6 4. g3 Be7 5. Bg2 O-O 6. Qc2 c5 7. O-O cxd4 8. Nxd4 e5 9. Nf5 d4 10. Nxe7+ Qxe7 11. Bg5 Nc6 12. Nd2 h6 13. Bxf6 Qxf6 14. a3 Bf5 15. Ne4 Qe7 16. b4 Rac8 17. Qb2 Rfd8 18. Rfd1 b6 19. Rac1 a5 20. c5 axb4 21. axb4 bxc5 22. Nxc5 Na7 23. Ne4 Nb5 24. Rc5 Bxe4 25. Rxb5 Bxg2 26. Kxg2 Rb8 27. Rxb8 Rxb8 28. Rb1 Rb5 29. Qc2 Qb7+ 30. Kg1 Rxb4 31. Rxb4 Qxb4 32. Qc8+ Qf8 33. Qf5 Qe8 34. f3 Qe7 35. Qc8+ Kh7 36. Qf5+ g6 37. Qe4 Qf6 38. Qd5 Kg7 39. Kg2 h5 40. h4 Qf5 41. Qd6 Qf6 42. Qd5 Qe7 43. Qe4 Qe6 44. Qb7 Kf6 45. Qc7 Kf5 46. Qd8 f6 47. Kf2 Qc6 0-1


[Site "https://www.chess.com"]

[Event "Titled Tuesday Blitz March 22 Early 2022"]
[White "Hoeffer, David"]
[Black "Borodavkin, Anatoly"]
[WhiteFideId "24606766"]
[BlackFideId "14150662"]
[WhiteElo "2301"]
[BlackElo "1845"]
[Result "1-0"]
[Round "02"]
[TimeControl "180+1"]
[Date "2022.03.22"]
[WhiteClock "0:00:41"]
[BlackClock "0:00:08"]

1. e4 e5 2. Nf3 Nf6 3. Nxe5 d6 4. Nf3 Nxe4 5. Nc3 Nxc3 6. dxc3 Be7 7. Bd3 Be6 8. O-O O-O 9. Re1 Nc6 10. Bf4 Bf6 11. Qd2 Qd7 12. Ng5 Bxg5 13. Bxg5 Bf5 14. Bb5 a6 15. Re7 Qc8 16. Bxc6 bxc6 17. Rae1 Qb7 18. b3 Be6 19. Qd4 c5 20. Qh4 Rae8 21. Qg3 Qd5 22. Bf6 g6 23. Qf4 Qh5 24. g4 Qh3 25. R1xe6 fxe6 26. Rg7+ Kh8 27. Rxg6+ Rxf6 28. Qxf6# 1-0


[Site "https://www.chess.com"]

[Event "Titled Tuesday Blitz March 22 Early 2022"]
[White "Hua, Lefong"]
[Black "Paravyan, David"]
[WhiteFideId "2602253"]
[BlackFideId "4194985"]
[WhiteElo "2598"]
[BlackElo "2569"]
[Result "0-1"]
[Round "02"]
[TimeControl "180+1"]
[Date "2022.03.22"]
[WhiteClock "0:00:14"]
[BlackClock "0:00:08"]

1. d4 Nf6 2. c4 g6 3. Nc3 d5 4. cxd5 Nxd5 5. e4 Nxc3 6. bxc3 Bg7 7. Nf3 c5 8. Rb1 O-O 9. Be2 cxd4 10. cxd4 Qa5+ 11. Bd2 Qxa2 12. O-O Bg4 13. Bg5 Rd8 14. d5 Bf6 15. Bxf6 exf6 16. Rxb7 Nd7 17. h3 Bxf3 18. Bxf3 Rab8 19. Rc7 Qa5 20. Qc2 Ne5 21. Rc1 Qb6 22. Qc5 Qxc5 23. R1xc5 a6 24. Ra5 Rd6 25. Ra7 Rbb6 26. Be2 Rb1+ 27. Kh2 Rb2 28. R5xa6 Rxa6 29. Bxa6 Rxf2 30. Bb5 Rd2 31. Kg1 Kg7 32. Kf1 h5 33. Ke1 Rd4 34. Kf2 Rxe4 35. d6 Rd4 36. d7 Rd5 37. Ke3 f5 38. Ba4 Kf6 39. Ra6+ Ke7 40. Ra7 Nxd7 41. h4 Rd6 42. Ra8 Kf6 43. Ra7 Re6+ 44. Kf2 Nc5 45. Bb5 Ne4+ 46. Kg1 Rd6 47. Bc4 Rd1+ 48. Kh2 Nd6 49. Ra6 Rd4 50. Bb3 Kg7 51. Ra7 Rxh4+ 52. Kg1 Rg4 53. Kh2 Rd4 54. Rd7 Kf6 55. Kg1 h4 56. Kh2 g5 57. Ba2 g4 58. Bb3 Rd2 59. Ra7 h3 60. Kg3 Rxg2+ 61. Kh4 h2 62. Ra1 Rg1 0-1


[Site "https://www.chess.com"]

[Event "Titled Tuesday Blitz March 22 Early 2022"]
[White "Indjic, Aleksandar"]
[Black "Kozak, Antoni"]
[WhiteFideId "911925"]
[BlackFideId "21832030"]
[WhiteElo "2616"]
[BlackElo "2236"]
[Result "0-1"]
[Round "02"]
[TimeControl "180+1"]
[Date "2022.03.22"]
[WhiteClock "0:00:04"]
[BlackClock "0:00:12"]

1. d4 d5 2. c4 e6 3. Nf3 Nf6 4. Bg5 dxc4 5. e4 b5 6. a4 c6 7. e5 h6 8. Bh4 g5 9. exf6 gxh4 10. Nc3 Bb4 11. g3 Nd7 12. Bg2 Bb7 13. O-O a6 14. Ne4 Nxf6 15. Ne5 Nxe4 16. Bxe4 Qc7 17. Qf3 Bd6 18. Bxc6+ Bxc6 19. Nxc6 Rc8 20. axb5 axb5 21. d5 O-O 22. Rfe1 exd5 23. Nd4 hxg3 24. hxg3 Be5 25. Nf5 Rfe8 26. Nxh6+ Kf8 27. Qg4 Bg7 28. Nf5 Bxb2 29. Kg2 Bxa1 30. Rxa1 Re5 31. Qg7+ Ke8 32. Qg8+ Kd7 33. Qxf7+ Kc6 34. Qf6+ Kc5 35. Rd1 d4 36. Nxd4 Rd5 37. Nb3+ cxb3 38. Qc3+ Kd6 39. Qf6+ Kc5 40. Rc1+ Kb4 41. Rxc7 Rxc7 42. Qf4+ Rc4 43. Qf8+ Rdc5 44. Qf6 Rc3 45. Qf4+ Ka3 46. Qf8 b2 47. Qa8+ Kb3 48. Qe4 Rc2 49. Qd3+ Ka2 50. Qe3 b1=Q 51. g4 Qb3 52. Qe4 Qb2 53. Qf3 Rxf2+ 54. Qxf2 Qxf2+ 55. Kxf2 b4 56. g5 b3 0-1


[Site "https://www.chess.com"]

[Event "Titled Tuesday Blitz March 22 Early 2022"]
[White "Ismayil, Malak"]
[Black "Skuhala, Barbara"]
[WhiteFideId "13412604"]
[BlackFideId "14605465"]
[WhiteElo "1879"]
[BlackElo "2155"]
[Result "1/2-1/2"]
[Round "02"]
[TimeControl "180+1"]
[Date "2022.03.22"]
[WhiteClock "0:00:15"]
[BlackClock "0:00:52"]

1. e4 c5 2. Nf3 d6 3. d4 cxd4 4. Nxd4 Nf6 5. Nc3 a6 6. Bc4 e6 7. O-O Be7 8. Be3 O-O 9. a3 Qc7 10. Bd3 Nbd7 11. Qe2 b5 12. Nb3 Bb7 13. Nd2 Nc5 14. Rae1 Rfd8 15. f4 Rac8 16. h3 d5 17. e5 Nfd7 18. Qf2 Nxd3 19. cxd3 Nc5 20. Bxc5 Bxc5 21. d4 Ba7 22. Rc1 Qb6 23. Nf3 Rc4 24. Rcd1 a5 25. Kh2 Rdc8 26. Qg3 b4 27. axb4 axb4 28. Na4 Qc6 29. b3 Rc2 30. f5 exf5 31. Nh4 Re8 32. Nxf5 Qg6 33. Qxg6 hxg6 34. Nd6 Re7 35. Nb5 Bb8 36. Nc5 Bc6 37. Nd6 Bxd6 38. exd6 Ree2 39. Rg1 Re8 40. Rc1 Rxc1 41. Rxc1 Rd8 42. Nd3 Rxd6 43. Nxb4 Bd7 44. Rc5 Be6 45. Nc6 Rd7 46. b4 Rb7 47. b5 Kh7 48. Nd8 Rb6 49. Nc6 g5 50. Ne5 f6 51. Nd3 Bf5 52. Nb4 Be4 53. Nxd5 Bxd5 54. Rxd5 Kg6 55. g4 Kf7 56. Kg3 Ke6 57. Rc5 Kd6 58. Kf3 Rb8 59. Ke4 Re8+ 60. Kf5 Re3 61. Kg6 Rxh3 62. Kxg7 Rg3 63. Kxf6 Rxg4 64. Rxg5 Rxd4 65. Rf5 Re4 66. Kg5 Kc7 67. Rd5 Kb6 68. Kf5 Rb4 69. Ke6 Rxb5 70. Rd6+ Kc7 71. Rd7+ Kc6 72. Rd6+ Kc7 73. Rd7+ Kc6 74. Rd6+ Kc7 1/2-1/2


[Site "https://www.chess.com"]

[Event "Titled Tuesday Blitz March 22 Early 2022"]
[White "Jaferian, Koosha"]
[Black "Narayanan.S.L"]
[WhiteFideId "12507440"]
[BlackFideId "5058422"]
[WhiteElo "2030"]
[BlackElo "2494"]
[Result "0-1"]
[Round "02"]
[TimeControl "180+1"]
[Date "2022.03.22"]
[WhiteClock "0:00:20"]
[BlackClock "0:01:48"]

1. Nf3 d5 2. b3 Bg4 3. Bb2 Bxf3 4. exf3 Nf6 5. f4 g6 6. g3 Bg7 7. Bg2 Nh5 8. Bxg7 Nxg7 9. O-O O-O 10. d4 e6 11. Nd2 Nf5 12. c3 Nd7 13. Nf3 c5 14. Bh3 Nd6 15. Ne5 Rc8 16. Rc1 Ne4 17. f3 Nef6 18. Qd2 b5 19. Rfd1 Qb6 20. Bf1 a5 21. Kg2 b4 22. c4 cxd4 23. Qxd4 Qxd4 24. Rxd4 Nxe5 25. fxe5 Nd7 26. f4 Nb6 27. Rcd1 dxc4 28. Bxc4 Nxc4 29. Rxc4 Rxc4 30. bxc4 Rc8 31. Rc1 Kf8 32. Kf3 Ke7 33. Ke4 Kd7 34. Rd1+ Ke7 35. Rc1 Kd7 36. Rd1+ Kc7 37. Rd6 Ra8 38. Kd4 a4 39. h4 b3 40. axb3 a3 0-1


[Site "https://www.chess.com"]

[Event "Titled Tuesday Blitz March 22 Early 2022"]
[White "Jaskolka, Tomasz"]
[Black "Oganian, Miran"]
[WhiteFideId "1170791"]
[BlackFideId "4122488"]
[WhiteElo "2073"]
[BlackElo "2357"]
[Result "0-1"]
[Round "02"]
[TimeControl "180+1"]
[Date "2022.03.22"]
[WhiteClock "0:00:02"]
[BlackClock "0:00:09"]

1. d4 e6 2. Bf4 Nf6 3. e3 b6 4. Nf3 Bb7 5. Nbd2 Be7 6. Bd3 O-O 7. c3 d6 8. Qe2 a6 9. e4 c5 10. e5 dxe5 11. dxe5 Nd5 12. Qe4 g6 13. Bh6 Re8 14. Qe2 Bf8 15. Bxf8 Nf4 16. Bd6 Nxe2 17. Bxe2 Nd7 18. O-O-O b5 19. h4 Qa5 20. Kb1 Bd5 21. a3 h5 22. Ng5 Nb6 23. Nge4 Qa4 24. Nf6+ Kg7 25. Nxe8+ Rxe8 26. Bxc5 Nc4 27. Nxc4 Bxc4 28. Bxc4 Qxc4 29. Bd4 a5 30. Rh3 b4 31. axb4 axb4 32. cxb4 Ra8 33. Bc3 Qe2 34. Rd2 Qe1+ 35. Kc2 Ra1 36. Rf3 Qb1+ 37. Kb3 Qa2+ 38. Kc2 Qa4+ 39. Kd3 Qb5+ 40. Kc2 Rg1 41. Rg3 Qa4+ 42. Kd3 Qa1 43. Rf3 Rxg2 44. Kc2 Qa4+ 45. Kd3 Rg4 46. Ke3 Qb5 47. Rf4 Rxf4 48. Kxf4 Qc4+ 49. Ke3 Qxh4 50. b5 Qc4 51. b6 Qb3 52. Rd6 h4 53. Kf3 g5 54. Kg4 Qc4+ 55. Bd4 Qe2+ 56. Kh3 Qf3+ 57. Kh2 g4 58. b7 h3 59. Be3 Qg2# 0-1


[Site "https://www.chess.com"]

[Event "Titled Tuesday Blitz March 22 Early 2022"]
[White "Jumabayev, Rinat"]
[Black "Kouskoutis, Georgios-Alexandros"]
[WhiteFideId "13702661"]
[BlackFideId "4234049"]
[WhiteElo "2561"]
[BlackElo "2130"]
[Result "1-0"]
[Round "02"]
[TimeControl "180+1"]
[Date "2022.03.22"]
[WhiteClock "0:00:06"]
[BlackClock "0:00:02"]

1. d4 Nf6 2. c4 e6 3. Nf3 c5 4. d5 exd5 5. cxd5 d6 6. Nc3 g6 7. Nd2 Bg7 8. e4 O-O 9. Be2 Nbd7 10. O-O Re8 11. Re1 a6 12. a4 Rb8 13. Nc4 Nb6 14. Nd2 Bd7 15. h3 Nc8 16. a5 Na7 17. Bd3 Nb5 18. Na4 Qxa5 19. Nc4 Qc7 20. Bf4 Rbd8 21. Rc1 Bc8 22. b4 Qe7 23. bxc5 dxc5 24. d6 Qf8 25. Nxc5 Nd7 26. Nxd7 Bxd7 27. e5 f6 28. Bf1 fxe5 29. Bxe5 Be6 30. Bxg7 Kxg7 31. Na5 Rxd6 32. Qe2 Bd7 33. Qb2+ Qf6 34. Qxf6+ Rxf6 35. Nxb7 Rxe1 36. Rxe1 Bc6 37. Nc5 Nc7 38. Rc1 Bb5 39. Bxb5 Nxb5 40. Rd1 Rc6 41. Rd7+ Kh6 42. Ne4 g5 43. g4 Kg6 44. Ng3 Nd6 45. Nh5 Nf7 46. Ra7 h6 47. Kg2 Rd6 48. f3 Rc6 49. Kg3 Rb6 50. h4 Rc6 51. hxg5 hxg5 52. Ra8 Kh7 53. Rf8 Rc7 54. Ra8 Rc6 55. Re8 Kg6 56. Rg8+ Kh6 57. Rh8+ Kg6 58. Rg8+ Kh6 59. Rg7 Ne5 60. Re7 Nd3 61. Re3 Nb4 62. Kh3 a5 63. Re5 Ra6 64. Rb5 Nc2 65. Ng3 a4 66. Nf5+ Kh7 67. Rb2 Nd4 68. Nxd4 a3 69. Ra2 Kg6 70. Kg3 Kf6 71. Nc2 Ke5 72. Nxa3 Kf6 73. Ra1 Kg6 74. Nc2 1-0


[Site "https://www.chess.com"]

[Event "Titled Tuesday Blitz March 22 Early 2022"]
[White "Kanyamarala, Tarun"]
[Black "Thomas, Anysia"]
[WhiteFideId "45004714"]
[BlackFideId "670472"]
[WhiteElo "2075"]
[BlackElo "2002"]
[Result "1-0"]
[Round "02"]
[TimeControl "180+1"]
[Date "2022.03.22"]
[WhiteClock "0:00:48"]
[BlackClock "0:00:03"]

1. d4 Nf6 2. Bf4 g6 3. Nc3 d5 4. e3 Bg7 5. Nb5 Na6 6. h3 O-O 7. Nf3 Ne4 8. c3 Bd7 9. a4 c5 10. Be2 Bxb5 11. axb5 Nc7 12. Qa4 Qd7 13. Ne5 Qe8 14. O-O c4 15. Nxg6 fxg6 16. Bxc7 e5 17. Bxe5 Bxe5 18. dxe5 Qxe5 19. Rad1 Rf7 20. b6 a6 21. Qa5 Qf6 22. Qxd5 Nxf2 23. Bxc4 Rf8 24. Rd2 Nxh3+ 25. gxh3 Qxf1+ 26. Bxf1 Kg7 27. Qd4+ Kg8 28. Bc4 1-0


[Site "https://www.chess.com"]

[Event "Titled Tuesday Blitz March 22 Early 2022"]
[White "Kanyamarala, Trisha"]
[Black "Ruperez Benito, Antonio"]
[WhiteFideId "45004722"]
[BlackFideId "22245049"]
[WhiteElo "2047"]
[BlackElo "2249"]
[Result "1-0"]
[Round "02"]
[TimeControl "180+1"]
[Date "2022.03.22"]
[WhiteClock "0:00:07"]
[BlackClock "0:00:31"]

1. c4 e5 2. Nc3 c6 3. Nf3 d6 4. d4 exd4 5. Nxd4 Nf6 6. g3 Be7 7. Bg2 O-O 8. O-O Nbd7 9. Nf5 Ne5 10. Nxe7+ Qxe7 11. b3 Bf5 12. Ba3 Rfd8 13. Qd2 Bg6 14. Rad1 c5 15. h3 a6 16. f4 Nc6 17. f5 Bh5 18. g4 Bxg4 19. hxg4 Nxg4 20. e4 Qh4 21. Rf3 Nge5 22. Rh3 Qxh3 23. Bxh3 Nf3+ 24. Kf2 Nxd2 25. Rxd2 h5 26. Nd5 b5 27. Bb2 Ne5 28. Ne3 bxc4 29. bxc4 f6 30. Bxe5 fxe5 31. Nd5 Rab8 32. Ne7+ Kf7 33. Nc6 Kf6 34. Nxb8 Rxb8 35. Rxd6+ Kg5 36. Rg6+ Kf4 37. Rxg7 Rb2+ 38. Kg1 Kxe4 39. f6 Rb1+ 40. Kh2 Rb2+ 41. Bg2+ Kd4 42. f7 Rf2 43. Kg3 Rf6 44. Bd5 e4 45. Rg8 Rf3+ 46. Kg2 h4 47. f8=Q h3+ 48. Kg1 Ke3 49. Qxf3+ exf3 50. Rg3 h2+ 51. Kxh2 Kd4 52. Rxf3 a5 53. Rf8 a4 54. Be6 Kc3 55. Ra8 Kb4 56. Bd7 Ka3 57. Rxa4+ Kb2 58. Ra8 Kc3 59. a4 Kb4 60. a5 Kc3 61. a6 Kd4 62. a7 Kxc4 63. Rb8 Kd5 64. a8=Q+ Kd6 65. Qc6+ Ke5 66. Qe6+ Kd4 67. Rf8 Kc3 68. Qe3+ Kb4 69. Rf4+ c4 70. Qd4 Kb3 71. Qxc4+ Kb2 72. Rf2+ Ka1 73. Qf1# 1-0


[Site "https://www.chess.com"]

[Event "Titled Tuesday Blitz March 22 Early 2022"]
[White "Karthikeyan, Murali"]
[Black "Krzywda, Andrzej"]
[WhiteFideId "5074452"]
[BlackFideId "1114565"]
[WhiteElo "2579"]
[BlackElo "2098"]
[Result "1-0"]
[Round "02"]
[TimeControl "180+1"]
[Date "2022.03.22"]
[WhiteClock "0:01:46"]
[BlackClock "0:00:40"]

1. Nf3 Nf6 2. g3 d5 3. Bg2 e6 4. O-O Be7 5. d3 O-O 6. Nbd2 Nc6 7. e4 dxe4 8. dxe4 e5 9. c3 a5 10. Qc2 Bc5 11. b3 Re8 12. Bb2 Qe7 13. a3 Bb6 14. b4 Bd7 15. Rad1 Rad8 16. h3 axb4 17. axb4 Bc8 18. Nc4 Nd7 19. Rd5 f6 20. Rfd1 Nf8 21. Nh4 Be6 22. Nf5 Bxf5 23. exf5 Kh8 24. Be4 Rxd5 25. Rxd5 Rd8 26. Qd1 Rxd5 27. Qxd5 Qd7 28. b5 Qxd5 29. Bxd5 Nd8 30. Nxb6 cxb6 31. Ba3 Nd7 32. Be7 1-0


[Site "https://www.chess.com"]

[Event "Titled Tuesday Blitz March 22 Early 2022"]
[White "Kashefi, Amir Hosein"]
[Black "Tanenbaum, Zachary"]
[WhiteFideId "12557935"]
[BlackFideId "2060850"]
[WhiteElo "2107"]
[BlackElo "2168"]
[Result "0-1"]
[Round "02"]
[TimeControl "180+1"]
[Date "2022.03.22"]
[WhiteClock "0:00:02"]
[BlackClock "0:00:17"]

1. d4 d5 2. c4 Bf5 3. cxd5 Bxb1 4. Rxb1 Qxd5 5. b3 Nc6 6. e3 O-O-O 7. Nf3 e5 8. Bc4 Qe4 9. Bd3 Bb4+ 10. Ke2 Nxd4+ 11. Nxd4 Qg4+ 12. Nf3 e4 13. h3 Qxg2 14. Bxe4 Rxd1 15. Rxd1 Qxh3 16. Rd4 Bd6 17. Bb2 Nf6 18. Bd3 Re8 19. Rc1 Kb8 20. Rh4 Qd7 21. a4 Qe7 22. Rg1 g6 23. b4 h5 24. b5 Ng4 25. Rhxg4 hxg4 26. Rxg4 Bc5 27. Nd4 Qd7 28. Rf4 g5 29. Bf5 Qd8 0-1


[Site "https://www.chess.com"]

[Event "Titled Tuesday Blitz March 22 Early 2022"]
[White "Kollars, Dmitrij"]
[Black "Starozhilov, Leonid"]
[WhiteFideId "12909572"]
[BlackFideId "14106752"]
[WhiteElo "2584"]
[BlackElo "2414"]
[Result "1-0"]
[Round "02"]
[TimeControl "180+1"]
[Date "2022.03.22"]
[WhiteClock "0:00:16"]
[BlackClock "0:00:03"]

1. c4 Nf6 2. Nc3 g6 3. e4 d6 4. d4 Bg7 5. h3 O-O 6. Be3 c5 7. Nf3 cxd4 8. Nxd4 Nc6 9. Be2 Nxd4 10. Bxd4 b6 11. O-O Bb7 12. Qd3 Rc8 13. Rad1 Nd7 14. Bxg7 Kxg7 15. f4 Qc7 16. Qd4+ f6 17. Bg4 Rcd8 18. Nd5 Bxd5 19. exd5 Qc5 20. Rfe1 Rfe8 21. b3 a5 22. Kf2 Qxd4+ 23. Rxd4 f5 24. Bf3 Nc5 25. g4 e5 26. dxe6 Nxe6 27. Rdd1 Nxf4 28. Rxe8 Rxe8 29. gxf5 Nxh3+ 30. Kg2 Nf4+ 31. Kg3 Ne2+ 32. Kf2 Nc3 33. Rxd6 gxf5 34. Rxb6 Nxa2 35. c5 Nb4 36. Rb5 Re5 37. Kg3 Nd3 38. Rb7+ Kf6 39. c6 f4+ 40. Kh4 Rc5 41. c7 Ne5 42. Rb6+ Ke7 43. Bc6 Ng6+ 44. Kh3 Rc3+ 45. Kh2 Rc2+ 46. Kg1 Rc1+ 47. Kf2 Rc2+ 48. Ke1 1-0


[Site "https://www.chess.com"]

[Event "Titled Tuesday Blitz March 22 Early 2022"]
[White "Koridze, Lile"]
[Black "Khamzin, Olzhas"]
[WhiteFideId "13612514"]
[BlackFideId "13701690"]
[WhiteElo "1999"]
[BlackElo "2194"]
[Result "0-1"]
[Round "02"]
[TimeControl "180+1"]
[Date "2022.03.22"]
[WhiteClock "0:00:04"]
[BlackClock "0:00:51"]

1. d4 Nf6 2. c4 c5 3. d5 e6 4. Nc3 exd5 5. cxd5 Bd6 6. Nf3 O-O 7. e4 Re8 8. Bd3 c4 9. Bc2 Bc5 10. O-O d6 11. h3 Nbd7 12. Bg5 a6 13. a4 Qc7 14. Nd2 h6 15. Bh4 Bb4 16. Re1 Rb8 17. Nf3 b5 18. axb5 axb5 19. Nd4 Bxc3 20. bxc3 g5 21. Bg3 Ne5 22. Qd2 Bd7 23. h4 Nh7 24. hxg5 hxg5 25. f4 gxf4 26. Qxf4 b4 27. cxb4 Rxb4 28. Rf1 Qb6 29. Bf2 Qd8 30. Be3 c3 31. Rf2 Qg5 32. Qxg5+ Nxg5 33. Ne2 Nxe4 34. Bxe4 Rxe4 35. Bf4 Rc8 36. Rc1 c2 37. Ng3 Rxf4 38. Rxf4 Nd3 39. Rff1 Nxc1 40. Rxc1 Ba4 41. Ne4 Rb8 42. Nc3 Bb3 43. Kf2 Re8 44. g4 Re5 45. Kg3 Kf8 46. Kf4 Ke7 47. Ne4 Bxd5 48. Nc3 Bb3 49. Ne4 f6 50. g5 fxg5+ 51. Nxg5 Rd5 52. Ne4 Rd1 0-1


[Site "https://www.chess.com"]

[Event "Titled Tuesday Blitz March 22 Early 2022"]
[White "Kosteniuk, Alexandra"]
[Black "Kalogridis, Antonios"]
[WhiteFideId "4128125"]
[BlackFideId "25833901"]
[WhiteElo "2469"]
[BlackElo "1495"]
[Result "1-0"]
[Round "02"]
[TimeControl "180+1"]
[Date "2022.03.22"]
[WhiteClock "0:01:57"]
[BlackClock "0:00:09"]

1. e4 c6 2. Nc3 d5 3. Nf3 dxe4 4. Nxe4 Nf6 5. Qe2 Nxe4 6. Qxe4 Nd7 7. Bc4 Nf6 8. Ne5 e6 9. Qe2 b5 10. Bd3 Qc7 11. b3 a6 12. Bb2 Bb7 13. c4 b4 14. O-O-O c5 15. f3 Be7 16. Rhe1 O-O 17. Bb1 a5 18. g4 a4 19. g5 Nh5 20. g6 hxg6 21. Nxg6 Nf4 22. Nxe7+ Qxe7 23. Qe5 Qf6 24. Qxf6 gxf6 25. Rg1+ Ng6 26. Bxf6 Bxf3 27. Rdf1 Bh5 28. Rg5 Be2 29. Rf2 axb3 30. axb3 Kh7 31. Rxe2 Kh6 32. Re3 Nf4 33. Rg4 1-0


[Site "https://www.chess.com"]

[Event "Titled Tuesday Blitz March 22 Early 2022"]
[White "Kowalczyk, Pawel"]
[Black "Bortnyk, Olexandr"]
[WhiteFideId "1130641"]
[BlackFideId "14120828"]
[WhiteElo "2344"]
[BlackElo "2723"]
[Result "0-1"]
[Round "02"]
[TimeControl "180+1"]
[Date "2022.03.22"]
[WhiteClock "0:00:05"]
[BlackClock "0:00:06"]

1. e4 Nf6 2. e5 Nd5 3. Nf3 d6 4. Bc4 Nb6 5. Bb3 c5 6. c3 Nc6 7. exd6 Qxd6 8. d4 Bg4 9. Bxf7+ Kxf7 10. Ng5+ Kg8 11. Qxg4 cxd4 12. O-O e5 13. cxd4 Nxd4 14. Nc3 Qg6 15. Qd1 Rd8 16. Be3 Be7 17. Bxd4 Bxg5 18. Qb3+ Qf7 19. Bxe5 Nc4 20. Bg3 Nd2 21. Qxf7+ Kxf7 22. Rfd1 a6 23. a4 Rhe8 24. h4 Bf6 25. Re1 Rxe1+ 26. Rxe1 Nc4 27. Ne4 Nxb2 28. Nd6+ Kg6 29. Nxb7 Rd5 30. Re4 Kf5 31. Rf4+ Ke6 32. Rb4 Kd7 33. Rb6 a5 34. Ra6 Bc3 35. Nd6 Nxa4 36. Ra7+ Kc6 37. Ne4 Bd4 38. Rc7+ Kb5 39. Rb7+ Ka6 40. Rb8 Nb6 41. Bc7 a4 42. Bxb6 Bxb6 43. Ra8+ Ba7 44. Nc3 Rd4 45. Rxa7+ Kxa7 46. Nb5+ Kb6 47. Nxd4 Kc5 48. Nc2 Kc4 49. Kf1 Kb3 50. Nd4+ Kc3 51. Nb5+ Kc4 52. Na3+ Kb3 53. Nb5 Kb4 54. Nd4 Kc4 55. Nc2 Kb3 56. Na1+ Kb2 57. h5 Kxa1 58. h6 gxh6 59. f4 Kb2 0-1


[Site "https://www.chess.com"]

[Event "Titled Tuesday Blitz March 22 Early 2022"]
[White "Krysa, Leandro"]
[Black "Jobava, Baadur"]
[WhiteFideId "116807"]
[BlackFideId "13601520"]
[WhiteElo "2490"]
[BlackElo "2617"]
[Result "0-1"]
[Round "02"]
[TimeControl "180+1"]
[Date "2022.03.22"]
[WhiteClock "0:00:04"]
[BlackClock "0:01:22"]

1. e4 c6 2. d4 d5 3. e5 Bf5 4. h4 f6 5. Bd3 Bxd3 6. Qxd3 fxe5 7. dxe5 e6 8. c4 Na6 9. Nf3 Nc5 10. Qe2 dxc4 11. O-O Qd3 12. Nc3 O-O-O 13. Bg5 Qxe2 14. Nxe2 Rd7 15. Ned4 Nh6 16. Rac1 Nf7 17. Rxc4 Nxg5 18. hxg5 a5 19. Rfc1 Rd5 20. b3 Be7 21. a3 Rhd8 22. b4 axb4 23. axb4 Nd3 24. Ra1 Nxe5 25. Nxe5 Rxd4 26. Ra8+ Kc7 27. Rxd8 Rxd8 28. b5 c5 29. f4 Kb6 30. Rc2 Rd4 31. g3 Kxb5 32. Kf2 c4 33. Ke3 Bc5 34. Rb2+ Ka4 35. Kf3 b5 36. Nc6 Rd3+ 37. Kg4 c3 0-1


[Site "https://www.chess.com"]

[Event "Titled Tuesday Blitz March 22 Early 2022"]
[White "Kulkarni, Rakesh"]
[Black "Horcajuelo Rocamora, Martin"]
[WhiteFideId "5037077"]
[BlackFideId "24573027"]
[WhiteElo "2246"]
[BlackElo "1706"]
[Result "1-0"]
[Round "02"]
[TimeControl "180+1"]
[Date "2022.03.22"]
[WhiteClock "0:02:14"]
[BlackClock "0:01:45"]

1. e4 e5 2. d4 exd4 3. Qxd4 Nc6 4. Qe3 Nf6 5. Nc3 Bb4 6. Bd2 O-O 7. O-O-O Re8 8. Qg3 Nxe4 9. Nxe4 Rxe4 10. c3 Bd6 11. f4 a6 12. Bd3 Re8 13. Nf3 h6 14. Nh4 Ne7 15. Rhe1 c6 16. c4 Bb8 17. Bc3 g6 18. Nxg6 fxg6 19. Bxg6 Kf8 20. Bxe8 1-0


[Site "https://www.chess.com"]

[Event "Titled Tuesday Blitz March 22 Early 2022"]
[White "Kupervaser, Erez"]
[Black "Orlov, Georgi"]
[WhiteFideId "2814587"]
[BlackFideId "2011271"]
[WhiteElo "1763"]
[BlackElo "2544"]
[Result "1/2-1/2"]
[Round "02"]
[TimeControl "180+1"]
[Date "2022.03.22"]
[WhiteClock "0:00:12"]
[BlackClock "0:00:41"]

1. e4 e6 2. d4 d5 3. Nc3 Bb4 4. e5 c5 5. a3 Bxc3+ 6. bxc3 Qc7 7. h4 Bd7 8. h5 h6 9. Rb1 Ba4 10. Bd3 c4 11. Bf1 Nc6 12. Qg4 Kf8 13. Rb2 Re8 14. Nf3 b5 15. Rh3 Nge7 16. Qf4 Rb8 17. g4 Ke8 18. Rg3 Rf8 19. g5 Nf5 20. gxh6 gxh6 21. Rg1 a5 22. Bh3 Nce7 23. Nh4 Rb6 24. Nxf5 exf5 25. Rg7 b4 26. axb4 axb4 27. Rxb4 Rxb4 28. cxb4 Bxc2 29. Qxh6 Qa7 30. Qd6 Qxd4 31. Qb8+ Kd7 32. Qb7+ Kd8 33. Qb8+ Kd7 34. Qb7+ Kd8 35. Qb8+ Kd7 1/2-1/2


[Site "https://www.chess.com"]

[Event "Titled Tuesday Blitz March 22 Early 2022"]
[White "Ladan, Nicholas"]
[Black "Sammed Jaykumar, Shete"]
[WhiteFideId "30918855"]
[BlackFideId "5073421"]
[WhiteElo "2167"]
[BlackElo "2253"]
[Result "0-1"]
[Round "02"]
[TimeControl "180+1"]
[Date "2022.03.22"]
[WhiteClock "0:00:31"]
[BlackClock "0:02:15"]

1. d4 Nf6 2. Bf4 e6 3. Nf3 d6 4. e3 g6 5. Nbd2 Bg7 6. h4 h6 7. c4 O-O 8. Bd3 Nc6 9. a3 e5 10. Bg3 exd4 11. exd4 Re8+ 12. Kf1 Nh5 13. Bh2 Nxd4 14. Nxd4 Bxd4 15. g4 Qxh4 16. Qf3 Bxg4 17. Bg3 Qg5 18. Qxb7 Nxg3+ 19. fxg3 Qxd2 20. Bxg6 Qf2# 0-1


[Site "https://www.chess.com"]

[Event "Titled Tuesday Blitz March 22 Early 2022"]
[White "Lagunov, Evgenij"]
[Black "Jaracz, Pawel"]
[WhiteFideId "4125363"]
[BlackFideId "1102222"]
[WhiteElo "2200"]
[BlackElo "2429"]
[Result "0-1"]
[Round "02"]
[TimeControl "180+1"]
[Date "2022.03.22"]
[WhiteClock "0:00:02"]
[BlackClock "0:00:12"]

1. e4 c6 2. d4 d5 3. e5 c5 4. c3 Nc6 5. h3 Qb6 6. Nf3 cxd4 7. cxd4 Bf5 8. Be2 e6 9. O-O Nge7 10. Nc3 Be4 11. Na4 Qc7 12. Bf4 Nf5 13. Rc1 Rc8 14. Be3 Nxe3 15. fxe3 Be7 16. Nc5 Bg6 17. a3 O-O 18. b4 a5 19. b5 Nb8 20. Qd2 Qb6 21. Na4 Qd8 22. Rxc8 Qxc8 23. Qxa5 Qc2 24. Re1 Bxa3 25. Bd1 Qd3 26. Nc5 Bxc5 27. dxc5 Be4 28. Qd2 Qa3 29. Qd4 Nd7 30. c6 bxc6 31. bxc6 Nc5 32. Ng5 Bg6 33. Bf3 Rc8 34. e4 dxe4 35. Nxe4 Nxe4 36. Bxe4 Bxe4 37. Qxe4 Qc5+ 38. Kh2 Rxc6 39. Rd1 g6 40. Rd8+ Kg7 41. Qf4 Qe7 42. Rd6 Rc5 43. Qg3 h6 44. Qf4 Qg5 45. Qxg5 hxg5 46. Kg3 Rxe5 47. Rd4 f5 48. Rd7+ Kf6 49. Rh7 Re3+ 50. Kf2 Ra3 51. Kf1 e5 52. Kf2 e4 53. Rh8 Ra2+ 54. Kg3 f4+ 55. Kg4 Rxg2# 0-1


[Site "https://www.chess.com"]

[Event "Titled Tuesday Blitz March 22 Early 2022"]
[White "Lakshmi C"]
[Black "Vlassov, Nikolai"]
[WhiteFideId "25035347"]
[BlackFideId "4103360"]
[WhiteElo "1775"]
[BlackElo "2407"]
[Result "0-1"]
[Round "02"]
[TimeControl "180+1"]
[Date "2022.03.22"]
[WhiteClock "0:00:21"]
[BlackClock "0:00:43"]

1. e4 c5 2. Nc3 g6 3. Nf3 Bg7 4. d4 cxd4 5. Nxd4 d6 6. Be3 Nf6 7. Bb5+ Nbd7 8. O-O a6 9. Bd3 Ne5 10. h3 Nxd3 11. cxd3 O-O 12. f4 e5 13. Nf3 exf4 14. Bxf4 d5 15. e5 Nh5 16. Be3 Ng3 17. Re1 Nf5 18. d4 Nxe3 19. Rxe3 Be6 20. Ne2 Bh6 21. Rc3 Rc8 22. Qb3 b5 23. a4 Qb6 24. a5 Qb7 25. g4 Rc4 26. g5 Bg7 27. h4 Rfc8 28. Rac1 Bg4 29. Kg2 Bf8 30. Nf4 Bb4 31. Nd3 Bxc3 32. bxc3 Bxf3+ 33. Kxf3 Qd7 34. Nc5 Qh3+ 35. Ke2 R8xc5 36. dxc5 Re4+ 37. Kd2 Qg2+ 38. Kd3 Qe2# 0-1


[Site "https://www.chess.com"]